 Dungeon Crawl Stone Soup version 0.19.5 (webtiles) character file.

436 tidbits the Shooter (level 6, 3/58 HPs)
             Began as a High Elf Wanderer on July 17, 2017.
             Quit the game on level 6 of the Dungeon.
             The game lasted 00:16:16 (1978 turns).

tidbits the Shooter (High Elf Wanderer)             Turns: 1978, Time: 00:16:17

Health: 3/58       AC:  7    Str: 18    XL:     6   Next: 68%
Magic:  7/7        EV: 14    Int: 16    God:
Gold:   190        SH:  0    Dex: 15    Spells: 0 memorised, 5 levels left

rFire  . . .     SeeInvis .     b - +1 shortbow
rCold  . . .     Gourm    .     B - +0 ring mail
rNeg   . . .     Faith    .     (shield currently unavailable)
rPois  .         Spirit   .     E - +0 helmet
rElec  .         Reflect  .     (no cloak)
rCorr  .         Harm     .     (no gloves)
MR     .....                    F - +0 pair of boots
Stlth  ..........               (no amulet)
                                (no ring)
                                t - ring of stealth

@: berserking, lethally poisoned (3 -> -1), very quick
A: no striking features
a: no special abilities


You were on level 6 of the Dungeon.
You were not hungry.

You visited 1 branch of the dungeon, and saw 6 of its levels.

You collected 190 gold pieces.

Inventory:

Hand Weapons
 a - a +0 short sword
 b - a +1 shortbow (weapon)
 f - a +0 dagger
Missiles
 d - 76 arrows (quivered)
 h - 108 stones
 s - 6 needles of confusion
Armour
 c - a +0 shield
 e - a +0 robe
 A - a cursed +0 scale mail
   (You found it on level 3 of the Dungeon)
 B - a +0 ring mail (worn)
   (You found it on level 1 of the Dungeon)
 E - a +0 helmet (worn)
   (You found it on level 4 of the Dungeon)
 F - a +0 pair of boots (worn)
   (You found it on level 5 of the Dungeon)
Jewellery
 t - a ring of stealth (left hand)
   (You found it on level 3 of the Dungeon)
Wands
 D - a wand of flame (18/48)
   (You found it on level 4 of the Dungeon)
Scrolls
 l - 3 scrolls of teleportation {unknown}
 o - 2 scrolls of amnesia
 p - 3 scrolls of remove curse
 r - a scroll of fog {unknown}
 u - a scroll of recharging {unknown}
 y - 2 scrolls of enchant weapon
 z - a scroll of noise {unknown}
 I - a scroll of blinking {unknown}
 J - a scroll of magic mapping {unknown}
 K - 3 scrolls of silence {unknown}
Potions
 i - 5 potions of lignification
 j - a potion of magic
 m - a potion of flight
 q - a potion of cure mutation {!q}
 v - 2 potions of agility
Comestibles
 g - 5 bread rations
 n - a meat ration
 w - 2 beef jerkies
 x - a slice of pizza
 C - 3 chunks of flesh


   Skills:
 - Level 2.0 Fighting
 - Level 2.4 Short Blades
 - Level 7.0 Bows
 + Level 5.4 Dodging
 - Level 2.1 Stealth
 - Level 1.0 Shields


You had 5 spell levels left.
You didn't know any spells.

Dungeon Overview and Level Annotations

Branches:
Dungeon (6/15)
 Temple: D:4-7

Altars:
Ashenzari


Message History

You shoot an arrow. The arrow closely misses the scorpion.
The scorpion stings you!
* * * LOW HITPOINT WARNING * * *
Firing (i - inventory. (,) - cycle):
d - 87 arrows (quivered)
Press: ? - help, Shift-Dir - straight line, f/p - scorpion
Aim: a scorpion (moderately wounded)
You shoot an arrow. The arrow barely misses the scorpion.
The scorpion stings you.
* * * LOW HITPOINT WARNING * * *
You aren't carrying or standing over any spellbooks.
Unknown command.
Unknown command.
As you read the scroll labeled WICWOUFFAMP, it crumbles to dust.
You feel blessed for a moment.
It was a scroll of remove curse.
The scorpion stings you!
* * * LOW HITPOINT WARNING * * *
You feel better. The scorpion closely misses you.
Unknown command.
As you read the scroll labeled CIZOUR XASERUESICK, it crumbles to dust.
It is a scroll of amnesia.
You feel forgetful for a moment. The scorpion barely misses you.
As you read the scroll labeled JESIHU CIGOTO, it crumbles to dust.
It is a scroll of enchant weapon.
Your +0 shortbow glows red for a moment.
The scorpion barely misses you.
Firing (i - inventory. (,) - cycle):
d - 86 arrows (quivered)
Press: ? - help, Shift-Dir - straight line, f/p - scorpion
Aim: a scorpion (moderately wounded)
You shoot an arrow. The arrow hits the scorpion.
The scorpion is heavily wounded.
The scorpion stings you but does no damage.
Firing (i - inventory. (,) - cycle):
d - 85 arrows (quivered)
Press: ? - help, Shift-Dir - straight line, f/p - scorpion
Aim: a scorpion (heavily wounded)
You shoot an arrow. The arrow closely misses the scorpion.
The scorpion barely misses you.
Firing (i - inventory. (,) - cycle):
d - 84 arrows (quivered)
Press: ? - help, Shift-Dir - straight line, f/p - scorpion
Aim: a scorpion (heavily wounded)
You shoot an arrow. The arrow barely misses the scorpion.
The scorpion closely misses you.
Firing (i - inventory. (,) - cycle):
d - 83 arrows (quivered)
Press: ? - help, Shift-Dir - straight line, f/p - scorpion
Aim: a scorpion (heavily wounded)
You shoot an arrow. The arrow hits the scorpion.
The scorpion is heavily wounded.
The scorpion barely misses you.
Firing (i - inventory. (,) - cycle):
d - 82 arrows (quivered)
Press: ? - help, Shift-Dir - straight line, f/p - scorpion
Aim: a scorpion (heavily wounded)
You shoot an arrow.
The arrow hits the scorpion but does no damage.
The scorpion is heavily wounded.
The scorpion misses you.
Firing (i - inventory. (,) - cycle):
d - 81 arrows (quivered)
Press: ? - help, Shift-Dir - straight line, f/p - scorpion
Aim: a scorpion (heavily wounded)
You shoot an arrow.
The arrow hits the scorpion but does no damage.
The scorpion is heavily wounded.
The scorpion closely misses you.
Firing (i - inventory. (,) - cycle):
d - 80 arrows (quivered)
Press: ? - help, Shift-Dir - straight line, f/p - scorpion
Aim: a scorpion (heavily wounded)
You shoot an arrow. The arrow hits the scorpion.
The scorpion is almost dead.
The scorpion stings you.
* * * LOW HITPOINT WARNING * * *
You are poisoned.
The scorpion poisons you!
Firing (i - inventory. (,) - cycle):
d - 79 arrows (quivered)
Press: ? - help, Shift-Dir - straight line, f/p - scorpion
Aim: a scorpion (almost dead)
You shoot an arrow.
The arrow hits the scorpion but does no damage.
The scorpion is almost dead.
You feel sick.
The scorpion stings you but does no damage.
Firing (i - inventory. (,) - cycle):
d - 78 arrows (quivered)
Press: ? - help, Shift-Dir - straight line, f/p - scorpion
Aim: a scorpion (almost dead)
You shoot an arrow. The arrow closely misses the scorpion.
You feel sick. The scorpion stings you.
* * * LOW HITPOINT WARNING * * *
Firing (i - inventory. (,) - cycle):
d - 77 arrows (quivered)
Press: ? - help, Shift-Dir - straight line, f/p - scorpion
Aim: a scorpion (almost dead)
You shoot an arrow. The arrow hits the scorpion!
You kill the scorpion!
* * * LOW HITPOINT WARNING * * *
You feel sick.
It was a potion of cancellation.
You feel magically purged.
* * * LOW HITPOINT WARNING * * *
You feel sick.
It was a potion of berserk rage.
A red film seems to cover your vision as you go berserk!
You feel yourself moving faster!
You feel mighty!
* * * LOW HITPOINT WARNING * * *
You feel sick.
Are you sure you want to abandon this character and quit the game? (Confirm with "yes".)

## #. #. ##########
#.####........#
#.#..÷......#.#
####.#.#########.#
..............##.#
####.#.######.##@#
#.#.# #....##(# #+#.#
#....##.#
..###....##.####.
.....)......((.....
..........###..(..##
..####......#....(((
...+......##.#.######
###..†.# .#.#


There were no monsters in sight!

Vanquished Creatures
  A phantom (D:3)
  A sky beast (D:5)
  A bullfrog (D:6)
  A scorpion (D:6)
  A bullfrog skeleton (D:5)
  A worker ant (D:6)
  2 adders (D:2)
  A worm (D:2)
  3 dart slugs
  A leopard gecko (D:2)
  4 giant cockroaches
  8 goblins
  2 hobgoblins (D:2)
  10 jackals
  5 kobolds
  A quokka (D:3)
  3 ball pythons
  8 bats
  10 frilled lizards
  8 rats
72 creatures vanquished.

Notes
Turn   | Place    | Note
-------+----------+-------------------------------------------
     0 | D:1      | tidbits the High Elf Wanderer began the quest for the Orb.
     0 | D:1      | tidbits set off with: a +0 shield, a +0 short sword, a +0 shortbow, 24 arrows, a +0 robe, a +0 dagger, a bread ration
     0 | D:1      | Reached XP level 1. HP: 14/14 MP: 2/2
   131 | D:1      | Reached skill level 3 in Bows
   138 | D:1      | Reached XP level 2. HP: 19/19 MP: 3/3
   149 | D:1      | Found a shattered altar of Ashenzari.
   338 | D:3      | Noticed a phantom
   417 | D:3      | Killed a phantom
   417 | D:3      | Reached skill level 6 in Bows
   417 | D:3      | Reached XP level 3. HP: 8/24 MP: 4/4
   417 | D:3      | Reached XP level 4. HP: 10/29 MP: 5/5
   739 | D:2      | Reached XP level 5. HP: 16/34 MP: 6/6
  1216 | D:2      | Reached skill level 7 in Bows
  1413 | D:3      | Reached skill level 2 in Dodging
  1676 | D:5      | Entered Level 5 of the Dungeon
  1755 | D:5      | Noticed a sky beast
  1763 | D:5      | Killed a sky beast
  1763 | D:5      | Reached skill level 3 in Dodging
  1763 | D:5      | Reached XP level 6. HP: 39/39 MP: 7/7
  1813 | D:5      | Reached skill level 4 in Dodging
  1929 | D:6      | Reached skill level 5 in Dodging
  1976 | D:6      | HP: 3/39 [poisoned by a scorpion]
  1978 | D:6      | Quit the game

Skill      XL: |  1  2  3  4  5  6 |
---------------+-------------------+-----
Bows           | 3 6 7 |  7.0
Dodging        | 3 5 |  5.4
Fighting       | |  2.0
Short Blades   | |  2.4
Stealth        | |  2.1
Shields        | |  1.0

Action                   |  1- 3 |  4- 6 || total
-------------------------+-------+-------++-------
Melee: Short sword       |    35 |    45 ||    80
 Fire: Shortbow          |    49 |   154 ||   203
Throw: Stone             |     1 |       ||     1
  Use: Potion            |     1 |     3 ||     4
       Scroll            |       |     8 ||     8
  Eat: Chunk             |       |     3 ||     3
Armor: Robe              |     5 |       ||     5
       Ring mail         |    11 |    28 ||    39
Dodge: Dodged            |    20 |    63 ||    83
Block: Shield            |     4 |       ||     4

Table legend:
 A = Turns spent in this place as a percentage of turns spent in the entire game.
 B = Non-inter-level travel turns spent in this place as a percentage of non-inter-level travel turns spent in the entire game.
 C = Inter-level travel turns spent in this place as a percentage of turns spent in this place.
 D = Turns resting spent in this place as a percentage of non-inter-level travel turns spent in this place.
 E = Turns spent auto-exploring this place as a percentage of non-inter-level travel turns spent in this place.
 F = Non-inter-level travel turns spent in this place divided by the number of levels of this place that you've seen.
                   A       B       C       D       E      F
               +-------+-------+-------+-------+-------+----------------------
         Total | 100.0 | 100.0 |   0.2 |   0.0 |   0.0 | 274.8
       Dungeon | 100.0 | 100.0 |   0.2 |   0.0 |   0.0 | 274.8
               +-------+-------+-------+-------+-------+----------------------

Table legend:
 A = Kills in this place as a percentage of kills in entire the game.
 B = Kills by you in this place as a percentage of kills by you in the entire game.
 C = Kills by friends in this place as a percentage of kills by friends in the entire game.
 D = Other kills in this place as a percentage of other kills in the entire game.
 E = Experience gained in this place as a percentage of experience gained in the entire game.
 F = Experience gained in this place divided by the number of levels of this place that you have seen.
                   A       B       C       D       E      F
               +-------+-------+-------+-------+-------+----------------------
         Total | 100.0 | 100.0 |  -nan |  -nan | 100.0 | 103.8
       Dungeon | 100.0 | 100.0 |  -nan |  -nan | 100.0 | 103.8
               +-------+-------+-------+-------+-------+----------------------

Vault maps used:
D:1:      minmay_arrival_hallway, evilmike_ruin_ashenzari
D:4:      kennysheep_little_box, hangedman_decor_opposing,
          uniq_crazy_yiuf_cottage
D:5:      first_bread
